 Dungeon Crawl Stone Soup version 0.23.2-40-g277498a (webtiles) character file.

Game seed: 5234089046264616458

1819 CrazyJ the Caller (level 8, 0/66 HPs)
             Began as a Purple Draconian Summoner on Sept 21, 2019.
             Was a Priest of Dithmenos.
             Succumbed to a killer bee's poison
             ... on level 8 of the Dungeon.
             The game lasted 00:55:09 (8785 turns).

CrazyJ the Caller (Purple Draconian Summoner)       Turns: 8785, Time: 00:55:09

Health: 0/66       AC: 10    Str:  9 (10) XL:     8   Next: 85%
Magic:  5/15       EV: 13    Int: 18 (19) God:    Dithmenos [***...]
Gold:   148        SH:  0    Dex: 10 (11) Spells: 4/17 levels left

rFire    . . .     SeeInvis +   m - +0 trident
rCold    . . .     Gourm    .   (no shield)
rNeg     . . .     Faith    .   (armour unavailable)
rPois    .         Spirit   .   C - +0 hat
rElec    .         Reflect  .   (no cloak)
rCorr    .         Harm     .   B - +0 pair of gloves
MR       .....                  (no boots)
Stlth    +++.......             r - amulet of the acrobat
HPRegen  0.21/turn              D - ring of see invisible
MPRegen  0.14/turn              l - +3 ring of protection

@: lethally poisoned (0 -> -3), vulnerable, wreathed by umbra
A: breathe power, unfitting armour, cold-blooded, AC +6
a: Breathe Dispelling Energy, Shadow Step, Renounce Religion


You were on level 8 of the Dungeon.
You worshipped Dithmenos.
Dithmenos was most pleased with you.
You were hungry.

You visited 2 branches of the dungeon, and saw 9 of its levels.

You collected 330 gold pieces.
You spent 182 gold pieces at shops.

Inventory:

Hand Weapons
 a - a +0 dagger
 c - a +0 scythe
 m - a +0 trident (weapon)
 n - a +0 mace
 o - a +1 short sword
 u - a -1 short sword
 x - a +0 hunting sling
 A - a +0 trident
Missiles
 k - 147 stones (quivered)
 y - 72 sling bullets
 K - 15 poisoned needles
Armour
 z - a +0 chain mail
 B - a +0 pair of gloves (worn)
 C - a +0 hat (worn)
Jewellery
 l - a +3 ring of protection (right hand)
 p - an uncursed ring of fire
 r - an amulet of the acrobat (around neck)
 D - a ring of see invisible (left hand)
 J - a -6 ring of dexterity
Wands
 t - a wand of polymorph (22)
 E - a wand of digging (8)
 F - a wand of flame (12)
 I - a wand of iceblast (18)
Scrolls
 f - a scroll of amnesia
 g - 7 scrolls of teleportation
 h - a scroll of fog
 i - 9 scrolls of identify
 v - 3 scrolls of remove curse
Potions
 e - a potion of brilliance
 H - a potion of agility
Comestibles
 b - 9 rations
 d - 5 chunks of flesh


   Skills:
 + Level 4.2 Fighting
 - Level 3.3 Short Blades
 + Level 0.3 Polearms
 + Level 4.0 Dodging
 + Level 4.1 Stealth
 + Level 5.0 Spellcasting
 + Level 3.3 Hexes
 * Level 7.1 Summonings
 + Level 2.3 Ice Magic


You had 4 spell levels left.
You knew the following spells:

 Your Spells              Type           Power        Failure   Level  Hunger
a - Summon Small Mammal   Summ           ####         1%          1    None
b - Call Imp              Summ           ####....     1%          2    #......
c - Call Canine Familiar  Summ           ####....     2%          3    ##.....
d - Summon Guardian Gole  Hex/Summ       ###.....     4%          3    ##.....
e - Summon Ice Beast      Ice/Summ       ###.....     19%         4    ####...

Your spell library contained the following spells:

 Spells                   Type           Power        Failure   Level  Hunger
 Flame Tongue             Conj/Fire      #....        13%         1    None
 Throw Flame              Conj/Fire      #.....       21%         2    #......
 Inner Flame              Hex/Fire       ##......     21%         3    ##.....
 Summon Lightning Spire   Summ/Air       ###.....     30%         4    ####...
 Conjure Flame            Conj/Fire      #.......     36%         3    ##.....
 Sticky Flame             Conj/Fire      #.......     78%         4    ####...
 Fireball                 Conj/Fire      #.........   98%         5    ######.


Dungeon Overview and Level Annotations

Branches:
Dungeon (8/15)             Temple (1/1) D:4
   Lair: D:8-11

Altars:
Ashenzari
Cheibriados
Dithmenos
Fedhas
Gozag
Hepliaklqana
Kikubaaqudgha
Makhleb
Nemelex Xobeh
Okawaru
Qazlal
Sif Muna
Trog
Uskayaw
Vehumet
Xom
Yredelemnul
The Shining One

Shops:
D:5 ?}[

Annotations:
D:4 2 transporters


Innate Abilities, Weirdness & Mutations

You can breathe bolts of dispelling energy.
Your rich purple scales are hard. (AC +6)
You cannot fit into any form of body armour.
You are cold-blooded and may be slowed by cold attacks.


Message History

The killer bee closely misses you.
Your hound bites the centaur.
Attack whom?
Press: ? - help, Dir - move target cursor, f - killer bee
Aim: a killer bee (susceptible to hostile enchantments, umbra)
Okay, then.
Okay, then.
Attack whom?
Press: ? - help, Dir - move target cursor, f - killer bee
Aim: a killer bee (susceptible to hostile enchantments, umbra)
You miss the killer bee.
* * * LOW HITPOINT WARNING * * *
You feel sick.
The killer bee stings you but does no damage.
Your hound bites the centaur.
The killer bee misses you.
Your hound closely misses the centaur.
The killer bee barely misses you.
Attack whom?
Press: ? - help, Dir - move target cursor, f/p - killer bee
Aim: a killer bee (susceptible to hostile enchantments, umbra)
You closely miss the killer bee.
You die...

#.# #.......########
####.#######(..............
#........)####.#########...
#.##.####.# #.# #.## # #.#
#.# ##.#########.## #.# #<#
#.............. #.####.#
#..#########.##
#....>.###h.# #.#
#.....8@yc..# #.##
#.###..####.# #...
#..####.#### ####
#.......y.)# #..##...##.#
... #.####.# .=.# #. #8#
##. #. #y# # #c#


You could see a centaur, a killer bee, a friendly guardian golem and a friendly
hound.

Vanquished Creatures
  Grinder (D:6)
  A water moccasin (D:6)
  An ogre (D:4)
  2 bullfrogs (D:8)
  2 howler monkeys
  A crimson imp (D:5)
  A hound (D:6)
  4 orc priests
  An orc wizard (D:5)
  A bullfrog skeleton (D:8)
  3 iguanas
  3 worker ants
  A killer bee zombie (D:7)
  4 adders
  2 oozes
  An adder skeleton (D:6)
  A worm (D:3)
  2 dart slugs
  7 leopard geckos
  15 orcs
  5 bats
  A giant cockroach (D:5)
  3 goblins
  9 hobgoblins
  4 jackals
  3 quokkas
  2 ball pythons
  6 frilled lizards
  7 kobolds
  A leopard gecko skeleton (D:4)
  12 rats
107 creatures vanquished.

Vanquished Creatures (collateral kills)
  Sigmund (D:3)
  A sky beast (D:5)
  2 ogres
  2 centaurs
  2 scorpions
  An electric eel (D:7)
  2 howler monkeys (D:5)
  2 crimson imps
  A jelly (D:6)
  An orc priest (D:5)
  4 orc wizards
  A worker ant (D:5)
  An iguana (D:5)
  A worker ant zombie (D:5)
  5 adders
  A worm (D:2)
  4 orcs
  A bat (D:2)
  2 goblins
  A hobgoblin (D:3)
  6 jackals
  A kobold (D:2)
  A frilled lizard (D:1)
  A leopard gecko skeleton (D:8)
  A leopard gecko zombie (D:5)
46 creatures vanquished.

Vanquished Creatures (others)
  An orc wizard (D:5)
1 creature vanquished.

Grand Total: 154 creatures vanquished

Notes
Turn   | Place    | Note
-------+----------+-------------------------------------------
     0 | D:1      | CrazyJ the Draconian Summoner began the quest for the Orb.
     0 | D:1      | Reached XP level 1. HP: 14/14 MP: 3/3
   155 | D:1      | Reached XP level 2. HP: 22/22 MP: 5/5
  1118 | D:2      | Reached skill level 1 in Fighting
  1263 | D:2      | Learned a level 2 spell: Call Imp
  1300 | D:2      | Reached XP level 3. HP: 18/28 MP: 6/6
  1306 | D:2      | Learned a level 3 spell: Call Canine Familiar
  1357 | D:2      | Found a shadowy altar of Dithmenos.
  1365 | D:2      | Became a worshipper of Dithmenos the Shadowed
  1777 | D:2      | Found a faded altar of an unknown god.
  2146 | D:2      | Found a bloodstained altar of Trog.
  2146 | D:2      | Found a hazy altar of Hepliaklqana.
  2204 | D:2      | Found a bloodstained altar of Trog.
  2220 | D:2      | Reached XP level 4. HP: 34/35 MP: 5/7
  2357 | D:2      | Found a basalt altar of Yredelemnul.
  2622 | D:3      | Noticed Sigmund
  2930 | D:3      | Reached * piety under Dithmenos
  3381 | D:3      | Found a hide-covered altar of Uskayaw.
  3389 | D:3      | Reached skill level 1 in Short Blades
  3470 | D:3      | Reached XP level 5. HP: 18/41 MP: 6/9
  3701 | D:3      | Killed Sigmund
  3701 | D:3      | Reached skill level 5 in Summonings
  3701 | D:3      | Reached XP level 6. HP: 48/48 MP: 2/10
  4133 | D:4      | Learned a level 3 spell: Summon Guardian Golem
  4156 | D:4      | Found a staircase to the Ecumenical Temple.
  4253 | D:4      | Found a transporter.
  4258 | D:4      | Noticed a wyvern
  4262 | D:4      | Found a transporter.
  4278 | D:4      | Found a shattered altar of Ashenzari.
  4409 | Temple   | Entered the Ecumenical Temple
  4769 | D:5      | Entered Level 5 of the Dungeon
  5264 | D:5      | Found Uxeurchups's Armour Emporium.
  5268 | D:5      | Bought a +0 chain mail for 63 gold pieces
  5268 | D:5      | Bought a +0 pair of gloves for 63 gold pieces
  5273 | D:5      | Bought a +0 hat for 56 gold pieces
  5287 | D:5      | Noticed a sky beast
  5484 | D:5      | Reached skill level 1 in Hexes
  5484 | D:5      | Your scales start taking on a rich purple colour.
  5484 | D:5      | Reached XP level 7. HP: 56/56 MP: 1/12
  5514 | D:5      | Reached ** piety under Dithmenos
  5625 | D:5      | Learned a level 4 spell: Summon Ice Beast
  5680 | D:5      | Found a snail-covered altar of Cheibriados.
  5752 | D:5      | Found Vessuaf's Magic Scroll Shop.
  5755 | D:5      | Found Coynom's Gadget Boutique.
  5772 | D:5      | Reached skill level 6 in Summonings
  6342 | D:6      | Noticed Grinder
  6354 | D:6      | Found an iron altar of Okawaru.
  6378 | D:6      | Killed Grinder
  6378 | D:6      | Reached skill level 1 in Ice Magic
  6378 | D:6      | Reached XP level 8. HP: 32/63 MP: 11/14
  6791 | D:6      | Found a sparkling altar of Nemelex Xobeh.
  6910 | D:6      | Reached *** piety under Dithmenos
  8497 | D:8      | Reached skill level 5 in Spellcasting
  8497 | D:8      | Reached skill level 7 in Summonings
  8764 | D:8      | HP: 1/66 [orc priest/divine providence (8)]
  8782 | D:8      | HP: 2/66 [killer bee (3)]
  8785 | D:8      | Succumbed to a killer bee's poison

Skill      XL: |  1  2  3  4  5  6  7  8 |
---------------+-------------------------+-----
Dodging        | 2 3 4 |  4.0
Fighting       | 1 2 3 4 |  4.2
Stealth        | 2 3 4 |  4.1
Short Blades   | 1 2 3 |  3.3
Summonings     | 5 6 7 |  7.1
Spellcasting   | 3 4 5 |  5.0
Hexes          | 1 2 3 |  3.3
Ice Magic      | 1 2 |  2.3
Polearms       | |  0.3

Action                   |  1- 3 |  4- 6 |  7- 9 || total
-------------------------+-------+-------+-------++-------
Melee: Unarmed           |    17 |       |       ||    17
       Dagger            |    95 |       |       ||    95
       Tailslap          |    12 |    17 |    31 ||    60
       Short sword       |    82 |   203 |   284 ||   569
       Trident           |       |       |    25 ||    25
 Cast: Summon Small Mamm |     5 |       |       ||     5
       Call Canine Famil |     3 |     8 |    20 ||    31
       Call Imp          |     2 |    21 |     6 ||    29
       Summon Guardian G |       |       |    17 ||    17
       Summon Ice Beast  |       |       |     2 ||     2
 Abil: Breathe Dispellin |       |       |     6 ||     6
Evoke: Wand              |       |       |     2 ||     2
  Use: Scroll            |     1 |     4 |     8 ||    13
       Potion            |     1 |       |    11 ||    12
 Stab: Sleeping          |     3 |     6 |     3 ||    12
       Distracted        |       |     1 |     1 ||     2
  Eat: Chunk             |     5 |     7 |     9 ||    21
       Ration            |       |     2 |     1 ||     3
Armor: Skin              |    72 |    45 |    72 ||   189
Dodge: Dodged            |   178 |   162 |   281 ||   621
